 Dungeon Crawl Stone Soup version 0.26.1-2-gb8aa6d0cf2 (webtiles) character file.

Game seed: 10231129393578107198

213 FishyPogo the Stinger (level 5, -3/38 HPs)
             Began as a Draconian Venom Mage on Feb 23, 2021.
             Killed by divine providence
             ... invoked by an orc priest
              (12 damage)
             ... on level 3 of the Dungeon on Feb 24, 2021.
             The game lasted 00:15:01 (3301 turns).

FishyPogo the Stinger (Draconian Venom Mage)        Turns: 3301, Time: 00:15:02

Health: -3/38      AC:  8    Str: 11    XL:     5   Next: 59%
Magic:  4/10       EV: 12    Int: 16    God:
Gold:   129        SH:  0    Dex: 11    Spells: 5/11 levels left

rFire    . . .     SeeInvis .   (no weapon)
rCold    . . .     Faith    .   (no shield)
rNeg     . . .     Spirit   .   (armour unavailable)
rPois    .         Reflect  .   (helmet restricted)
rElec    .         Harm     .   (no cloak)
rCorr    +         Rampage  .   p - +2 pair of gloves
Will     .....                  (no boots)
Stlth    ++........             (no amulet)
HPRegen  0.12/turn              f - ring of resist corrosion
MPRegen  0.12/turn              i - ring of wizardry

@: no status effects
A: unfitting armour, cold-blooded, AC +5
a: no special abilities


You were on level 3 of the Dungeon.
You visited 1 branch of the dungeon, and saw 3 of its levels.

You collected 129 gold pieces.

Inventory:

Missiles
 a - 96 stones
 b - a throwing net
 d - 11 poisoned darts
 g - 5 silver javelins
 h - 12 boomerangs
Armour
 p - a +2 pair of gloves (worn)
Jewellery
 f - a ring of resist corrosion (left hand)
 i - a ring of wizardry (right hand)
 o - an uncursed amulet of guardian spirit {unknown}
Scrolls
 c - a scroll of remove curse {unknown}
 e - a scroll of fear {unknown}
 j - 4 scrolls of identify {unknown}
 k - 3 scrolls of enchant armour {unknown}
 l - 2 scrolls of teleportation {unknown}
 n - 3 scrolls of amnesia {unknown}
Potions
 m - a potion of resistance {unknown}


   Skills:
 - Level 2.0 Dodging
 - Level 2.0 Stealth
 * Level 3.6 Spellcasting
 - Level 1.0 Transmutations
 + Level 2.3 Air Magic
 * Level 4.5 Poison Magic


You had 5 spell levels left.
You knew the following spells:

 Your Spells              Type           Power        Failure   Level
a - Sting                 Tmut/Pois      44%          2%          1
c - Poisonous Vapours     Pois/Air       26%          2%          2
l - Mephitic Cloud        Conj/Pois/Air  10%          9%          3

Your spell library contained the following spells:

 Spells                   Type           Power        Failure   Level
 Ignite Poison            Fire/Tmut/Pois 8%           11%         3
 Olgreb's Toxic Radiance  Pois           17%          12%         4


Dungeon Overview and Level Annotations

Branches:
Dungeon (3/15)

Altars:
Nemelex Xobeh
Ru
Zin
The Shining One


Innate Abilities, Weirdness & Mutations

Your plain brown scales are hard. (AC +5)
You cannot fit into any form of body armour.
You are cold-blooded and may be slowed by cold attacks.


Message History

You hit the orc priest.
The orc priest is lightly wounded.
The orc closely misses you.
The orc priest hits you with a +0 flail.
You hit the orc priest.
The orc priest is moderately wounded.
The orc ponders the situation.
The orc hits you with a +0 club.
* * * LOW HITPOINT WARNING * * *
The orc priest barely misses you.
You hit the orc priest.
The orc priest is heavily wounded.
The orc barely misses you.
The orc priest hits you with a +0 flail.
* * * LOW HITPOINT WARNING * * *
You hit the orc priest.
The orc priest is heavily wounded.
The orc priest calls down the wrath of Beogh upon you.
Beogh smites you!
You die...

####+#######
#..........#
+.....)....#
.###....o.....#
.......@...(..#
...##'#o####### .
#.#.# . #.#### ##
#.##....# ..
...<.....>.# .#
##.#####.#.########
.# ................
.#
########.########


You could see an orc priest and an orc (confused).

Vanquished Creatures
  Jessica (D:2)
  4 adders
  7 gnolls (D:2)
  A worm (D:2)
  3 dart slugs
  7 orcs (D:3)
  9 bats
  2 giant cockroaches
  9 goblins
  6 hobgoblins
  8 jackals
  3 quokkas
  A ball python (D:2)
  A frilled lizard (D:1)
  4 kobolds
  5 rats
71 creatures vanquished.

Notes
Turn   | Place    | Note
-------+----------+-------------------------------------------
     0 | D:1      | FishyPogo the Draconian Venom Mage began the quest for the
                  | Orb.
     0 | D:1      | Reached XP level 1. HP: 14/14 MP: 3/3
   409 | D:1      | Reached XP level 2. HP: 6/20 MP: 0/5
   953 | D:1      | Reached skill level 1 in Air Magic
   964 | D:1      | Learned a level 2 spell: Poisonous Vapours
  1069 | D:1      | Reached XP level 3. HP: 11/26 MP: 0/6
  1274 | D:1      | Learned a level 3 spell: Mephitic Cloud
  1731 | D:2      | Noticed Jessica
  1738 | D:2      | Killed Jessica
  1739 | D:2      | Reached XP level 4. HP: 33/33 MP: 2/8
  2068 | D:2      | Reached skill level 4 in Poison Magic
  2101 | D:2      | Reached XP level 5. HP: 38/38 MP: 2/9
  3223 | D:3      | Found a sparkling altar of Nemelex Xobeh.
  3228 | D:3      | Found a sacrificial altar of Ru.
  3231 | D:3      | Found a glowing silver altar of Zin.
  3233 | D:3      | Found a glowing golden altar of the Shining One.
  3301 | D:3      | Killed from afar by an orc priest

Illustrated notes

Levels and vault maps discovered:
D:1:      amcnicky_arrival_wind_blow, layout_rooms, minmay_misc_feat_rugged,
          minmay_misc_feat_doors, kennysheep_another_room
D:2:      layout_loops_ring, uniq_jessica
D:3:      layout_basic, minitemple

Skill      XL: |  1  2  3  4 |
---------------+-------------+-----
Dodging        | 2 |  2.0
Stealth        | 2 |  2.0
Air Magic      | 1 2 |  2.3
Spellcasting   | 3 |  3.6
Poison Magic   | 4 |  4.5
Transmutations | |  1.0

Action                   |  1- 3 |  4- 6 || total
-------------------------+-------+-------++-------
Melee: Unarmed           |    52 |    67 ||   119
       Tailslap          |    12 |     6 ||    18
 Cast: Sting             |    38 |    46 ||    84
       Poisonous Vapours |     7 |    17 ||    24
       Mephitic Cloud    |       |     5 ||     5
 Stab: Confused          |       |     1 ||     1
Armor: Skin              |    22 |    16 ||    38
Dodge: Dodged            |    41 |    55 ||    96
